 Dungeon Crawl Stone Soup version 0.26-a0-244-g083ca260ac (webtiles) character file.

Game seed: 9341885161437733724

30 BritishOli the Ducker (level 3, 28/28 HPs)
             Began as a Demonspawn Gladiator on July 8, 2020.
             Quit the game on level 1 of the Dungeon.
             The game lasted 00:00:47 (851 turns).

BritishOli the Ducker (Demonspawn Gladiator)         Turns: 851, Time: 00:00:48

Health: 28/28      AC:  5    Str: 15    XL:     3   Next: 5%
Magic:  3/3        EV: 13    Int:  9    God:
Gold:   60         SH:  0    Dex: 14    Spells: 2/2 levels left

rFire    . . .     SeeInvis .   a - +0 long sword
rCold    . . .     Faith    .   (no shield)
rNeg     . . .     Spirit   .   b - +0 leather armour
rPois    .         Reflect  .   c - +0 helmet
rElec    .         Harm     .   (no cloak)
rCorr    .                      (no gloves)
MR       .....                  e - +0 pair of boots
Stlth    +.........             (no amulet)
HPRegen  0.09/turn              (no ring)
MPRegen  0.08/turn              (no ring)

@: no status effects
A: demonic guardian 1, powered by pain 1
a: no special abilities


You were on level 1 of the Dungeon.
You were not hungry.

You visited 1 branch of the dungeon, and saw 1 of its levels.

You collected 60 gold pieces.

Inventory:

Hand Weapons
 a - a +0 long sword (weapon)
Missiles
 d - 3 throwing nets (quivered)
Armour
 b - a +0 leather armour (worn)
 c - a +0 helmet (worn)
 e - a +0 pair of boots (worn)
Jewellery
 h - an uncursed amulet of magic regeneration {unknown}
Scrolls
 i - a scroll of identify {unknown}
Potions
 g - a potion of curing {unknown}
Comestibles
 f - a ration


   Skills:
 + Level 2.3 Fighting
 + Level 2.9 Long Blades
 + Level 2.1 Throwing
 + Level 0.8 Armour
 + Level 3.0 Dodging


You had 2 spell levels left.
You didn't know any spells.
Your spell library was empty.

Dungeon Overview and Level Annotations

Branches:
Dungeon (1/15)

Altars:


Innate Abilities, Weirdness & Mutations

A weak demonic guardian rushes to your aid.
You sometimes gain a little power by taking damage.


Message History

A bat is nearby!
The bat misses you.
A bat is nearby!
You slash the bat!
You kill the bat!
Your Dodging skill increases to level 3!
i - a scroll labeled VUEG CEMIGOF No target in view!
A goblin comes into view.
The goblin shouts!
A goblin is nearby!
A kobold comes into view. It is wielding a +0 club.
The kobold shouts!
There are monsters nearby!
The goblin hits you but does no damage.
There are monsters nearby!
You miss the goblin. The goblin hits you but does no damage.
There are monsters nearby!
There are monsters nearby!
Are you sure you want to abandon this character and quit the game? (Confirm with "yes".)

#.#.[......##.# #.#
#.#.###.#..##.# #.#
...........##.# #.#
###.....#####.#########.#
#......[....##........#
###.....#..#####.########
........#..# #.#
#########..# #.# # #..#
#@# # #..# #g# ## ##..#
... .# #...# #.K.#
'########### #...#
.≈≈≈≈≈≈≈≈ #.### .≈..P.PP♣
#.


.≈P♣PPP♣P #. .≈≈≈≈≈≈≈≈ You could see a goblin and a kobold.

Vanquished Creatures
  A leopard gecko (D:1)
  A giant cockroach (D:1)
  3 goblins (D:1)
  6 hobgoblins (D:1)
  4 kobolds (D:1)
  6 bats (D:1)
  5 rats (D:1)
26 creatures vanquished.

Notes
Turn   | Place    | Note
-------+----------+-------------------------------------------
     0 | D:1      | BritishOli the Demonspawn Gladiator began the quest for the
                  | Orb.
     0 | D:1      | Reached XP level 1. HP: 16/16 MP: 1/1
   247 | D:1      | Gained mutation: You sometimes gain a little power by
                  | taking damage. [demonic ancestry]
   247 | D:1      | Reached XP level 2. HP: 22/22 MP: 2/2
   699 | D:1      | Gained mutation: A weak demonic guardian rushes to your
                  | aid. [demonic ancestry]
   699 | D:1      | Reached XP level 3. HP: 28/28 MP: 3/3
   834 | D:1      | Reached skill level 3 in Dodging
   851 | D:1      | Quit the game

Illustrated notes

Levels and vault maps discovered:
D:1:      lightli_arrival_farm, layout_loops_ring

Skill      XL: |  1  2  3 |
---------------+----------+-----
Throwing       | 2 |  2.1
Dodging        | 3 |  3.0
Fighting       | |  2.3
Long Blades    | |  2.9
Armour         | |  0.8

Action                   || total
-------------------------++-------
Melee: Long sword        ||    60
Armor: Leather armour    ||    29
Dodge: Dodged            ||    63
       Rpst.: Long sword ||    18

Table legend:
 A = Non-vault XP
 B = Vault XP
 C = Vault XP percentage of total XP
 D = Non-vault monster count
 E = Vault monster count
 F = Vault count percentage of total count
                 A         B        C        D         E       F
            +---------+---------+-------+---------+---------+-------
      Total |      44 |       0 |   0.0 |      26 |       0 |   0.0
            +---------+---------+-------+---------+---------+-------
        D:1 |      44 |       0 |   0.0 |      26 |       0 |   0.0
            +---------+---------+-------+---------+---------+-------
